 Dungeon Crawl Stone Soup version 0.21-a0-508-gf08a75f (webtiles) character file.

283 Gwenloh the Poker (level 6, -8/46 HPs)
             Began as a Merfolk Skald on Nov 28, 2017.
             Mangled by a gnoll
             ... wielding a +0 spear
              (11 damage)
             ... on level 4 of the Dungeon.
             The game lasted 00:21:23 (4793 turns).

Gwenloh the Poker (Merfolk Skald)                   Turns: 4793, Time: 00:21:26

Health: -8/46      AC:  3    Str: 13    XL:     6   Next: 28%
Magic:  2/10       EV: 12    Int: 13    God:
Gold:   143        SH:  0    Dex: 15    Spells: 6/11 levels left

rFire    . . .     SeeInvis .   a - +0 spear
rCold    . . .     Gourm    .   (no shield)
rNeg     . . .     Faith    .   b - +0 leather armour
rPois    .         Spirit   .   (no helmet)
rElec    .         Reflect  .   (no cloak)
rCorr    .         Harm     .   (no gloves)
MR       .....                  (no boots)
Stlth    +.........             B - amulet of rage
HPRegen  0.15/turn              (no ring)
MPRegen  0.12/turn              z - +2 ring of dexterity

@: singing
A: change form in water, swift swim, stealthy swim
a: Evoke Berserk Rage


You were on level 4 of the Dungeon.
You were hungry.

You visited 1 branch of the dungeon, and saw 4 of its levels.

You collected 143 gold pieces.

Inventory:

Hand Weapons
 a - a +0 spear (weapon)
 w - a +0 hunting sling
Missiles
 p - 74 stones (quivered)
 t - 57 arrows
 A - a throwing net
Armour
 b - a +0 leather armour (worn)
 g - a +1 shield of poison resistance
Jewellery
 z - a +2 ring of dexterity (right hand)
 B - an amulet of rage (around neck)
Scrolls
 j - a scroll of blinking {unknown}
 n - a scroll of immolation {unknown}
 o - a scroll of remove curse
 q - a scroll of magic mapping {unknown}
 r - a scroll of fog {unknown}
 u - 3 scrolls of random uselessness {unknown}
 x - 2 scrolls of teleportation {unknown}
 y - a scroll of enchant weapon {unknown}
Potions
 e - a potion of mutation
 h - a potion of cancellation
 i - a potion of haste {unknown}
 l - a potion of resistance
 m - a potion of lignification {unknown}
 s - 2 potions of curing
Books
 c - a book of Battle

   Spells                             Type                      Level
   a - Infusion                       Charms                       1
   b - Shroud of Golubria             Charms/Translocation         2
   c - Song of Slaying                Charms                       2
   d - Spectral Weapon                Hexes/Charms                 3
   e - Regeneration                   Charms/Necromancy            3
Comestibles
 d - 2 bread rations
 f - 2 meat rations
 k - 5 fruits


   Skills:
 - Level 2.6 Fighting
 + Level 5.3 Polearms
 - Level 0.6 Armour
 - Level 2.6 Dodging
 + Level 3.3 Spellcasting
 + Level 4.7 Charms
 + Level 2.0 Translocations


You had 6 spell levels left.
You knew the following spells:

 Your Spells              Type           Power        Failure   Level  Hunger
a - Infusion              Chrm           ##..         4%          1    #......
b - Shroud of Golubria    Chrm/Tloc      ##........   11%         2    ##.....
c - Song of Slaying       Chrm           ##......     6%          2    ##.....


Dungeon Overview and Level Annotations

Branches:
Dungeon (4/15)
 Temple: D:4-7

Altars:
Gozag
Nemelex Xobeh

Annotations:
D:4 Natasha; zero's ghost, novice GrEE


Message History

The gnoll shaman is severely wounded.
The gnoll closely misses you.
The gnoll shaman calls upon its god to speed up the gnoll.
The gnoll seems to speed up.
You closely miss the gnoll shaman.
The gnoll shaman is severely wounded.
The gnoll closely misses you.
You barely miss the gnoll shaman.
The gnoll shaman is severely wounded.
The gnoll hits you from afar with a spear.
* * * LOW HITPOINT WARNING * * *
The gnoll shaman hits you with a whip.
* * * LOW HITPOINT WARNING * * *
You barely miss the gnoll shaman.
The gnoll shaman is severely wounded.
The gnoll closely misses you.
The gnoll shaman calls upon its god to speed up the gnoll.
The gnoll seems to speed up.
The gnoll hits you from afar with a spear!
You die...

#...#.....................
#.#.#.#.#####.#.#.########
#.#.#.#.......#.#.#
#.#.#.#.#######.#.#
#.#.#.#.# #.#'####
#.#...#.# #####......##
#.#####.# #.gg.gg.....#
####.#.....###g####.g....#
#...........@gg# #......#
#.....#############......#
#..................g.....#
#.....########....g...####
#.....# #........# #.....#
####........### #.....#
.......†.......# #######
...............#
...............#


You could see a gnoll shaman and 4 gnolls.

Vanquished Creatures
  A howler monkey (D:4)
  A hound (D:4)
  An orc wizard (D:3)
  A worker ant (D:4)
  A gnoll (D:1)
  4 adders
  A shadow imp (D:3)
  An ooze (D:1)
  3 worms
  4 dart slugs
  4 leopard geckos
  5 orcs (D:3)
  8 bats
  5 giant cockroaches
  5 hobgoblins
  4 jackals (D:2)
  2 quokkas
  4 frilled lizards
  15 goblins
  5 kobolds
  5 rats
80 creatures vanquished.

Notes
Turn   | Place    | Note
-------+----------+-------------------------------------------
     0 | D:1      | Gwenloh the Merfolk Skald began the quest for the Orb.
     0 | D:1      | Reached XP level 1. HP: 16/16 MP: 3/3
   157 | D:1      | Reached XP level 2. HP: 21/23 MP: 5/5
   790 | D:1      | Reached XP level 3. HP: 17/28 MP: 6/6
   918 | D:1      | Learned a level 2 spell: Shroud of Golubria
  1282 | D:1      | Learned a level 2 spell: Song of Slaying
  1391 | D:2      | Noticed Natasha
  1669 | D:2      | Reached skill level 4 in Polearms
  1669 | D:2      | Reached XP level 4. HP: 18/34 MP: 7/7
  2411 | D:2      | Found a sparkling altar of Nemelex Xobeh.
  2462 | D:2      | Reached skill level 1 in Translocations
  3013 | D:3      | Reached XP level 5. HP: 36/39 MP: 3/9
  3644 | D:3      | Found an opulent altar of Gozag.
  3921 | D:4      | Reached skill level 5 in Polearms
  4001 | D:4      | Reached XP level 6. HP: 21/46 MP: 4/10
  4350 | D:4      | Noticed zero's ghost (novice GrEE)
  4793 | D:4      | Mangled by a gnoll

Vault maps used:
D:1:      dpeg_arrival_refuge
D:2:      nemelex_xobeh_ov_fountains_minmay, uniq_natasha
D:3:      first_bread, grunt_gozag_breadcrumbs
D:4:      minmay_temple_entry_large_hall

Skill      XL: |  1  2  3  4  5  6 |
---------------+-------------------+-----
Polearms       | 4 5 |  5.3
Charms         | 4 |  4.7
Translocations | 1 2 |  2.0
Spellcasting   | 3 |  3.3
Fighting       | |  2.6
Armour         | |  0.6
Dodging        | |  2.6

Action                   |  1- 3 |  4- 6 || total
-------------------------+-------+-------++-------
Melee: Spear             |   131 |   244 ||   375
 Cast: Infusion          |     8 |    13 ||    21
       Song of Slaying   |       |     4 ||     4
       Shroud of Golubri |       |     3 ||     3
  Use: Scroll            |       |     5 ||     5
 Stab: Sleeping          |     1 |       ||     1
  Eat: Chunk             |     3 |     8 ||    11
       Fruit             |       |     2 ||     2
Armor: Leather armour    |    24 |    37 ||    61
Dodge: Dodged            |    58 |   130 ||   188

Table legend:
 A = Spawn XP
 B = Non-spawn XP
 C = Spawn XP percentage of total XP
 D = Spawn monster count
 E = Non-spawn monster count
 F = Spawn count percentage of total count
 G = Total turns spent on level
                    A         B        C        D         E        F      G
               +---------+---------+-------+---------+---------+-------+---------
         Total |       0 |     405 |   0.0 |       0 |      80 |   0.0 |  4793
               +---------+---------+-------+---------+---------+-------+---------
           D:1 |       0 |      61 |   0.0 |       0 |      22 |   0.0 |  1820
           D:2 |       0 |      97 |   0.0 |       0 |      32 |   0.0 |  1181
           D:3 |       0 |     113 |   0.0 |       0 |      23 |   0.0 |  1421
           D:4 |       0 |     134 |   0.0 |       0 |       3 |   0.0 |   371
               +---------+---------+-------+---------+---------+-------+---------
